 Dungeon Crawl Stone Soup version 0.28-a0-1033-g1a2f33fa85 (webtiles) character file.

Game seed: 10623836265220288703

0 meatgazer the Skirmisher (level 1, -17/18 HPs)
             Began as a Demonspawn Abyssal Knight on Dec 7, 2021.
             Was a Follower of Lugonu.
             Demolished by a reaper (35 damage)
             ... on level 3 of the Abyss.
             The game lasted 00:01:00 (287 turns).

meatgazer the Skirmisher (Demonspawn Abyssal Knight) Turns: 287, Time: 00:01:00

Health: -17/18     AC:  3    Str: 13    XL:     1   Next: 0%
Magic:  2/2        EV: 11    Int: 11    God:    Lugonu [*.....]
Gold:   73         SH:  0    Dex: 13    Spells: 0/0 levels left

rFire   . . .      SeeInvis .   a - +1 falchion
rCold   . . .      Faith    .   (no shield)
rNeg    . . .      Spirit   .   b - +0 leather armour
rPois   .          Reflect  .   (no helmet)
rElec   .          Harm     .   (no cloak)
rCorr   .          Rampage  .   (no gloves)
Will    .....                   (no boots)
Stlth   ..........              (no amulet)
HPRegen 0.06/turn               (no ring)
MPRegen 0.08/turn               (no ring)

@: silenced (expiring)
A: no striking features
a: Renounce Religion


You were on level 3 of the Abyss.
You worshipped Lugonu.
Lugonu was aware of your devotion.
You visited 0 branches of the dungeon, and saw 0 of its levels.
You visited the Abyss 1 time.

You collected 73 gold pieces.

Inventory:

Hand Weapons
 a - a +1 falchion (weapon)
Armour
 b - a +0 leather armour (worn)
 c - a +0 cloak
Wands
 e - a wand of iceblast (4)
Scrolls
 f - a scroll of summoning {unknown}


   Skills:
 + Level 3.0 Fighting
 + Level 1.7 Long Blades
 + Level 1.7 Armour
 + Level 0.8 Dodging
 + Level 2.4 Invocations


You couldn't memorise any spells.
You didn't know any spells.
Your spell library contained the following spells:

 Spells                   Type           Power      Damage    Failure   Level
 Slow                     Hex            0%         N/A       41%         1
 Confusing Touch          Hex            0%         N/A       80%         3
 Yara's Violent Unravell  Hex/Tmut       0%         3d3       100%        5
 Chain Lightning          Conj/Air       0%         N/A       100%        9
 Fire Storm               Conj/Fire      0%         5d1       100%        9
 Shatter                  Erth           0%         3d5*      100%        9


Dungeon Overview and Level Annotations

Branches:
Dungeon (0/15)

Altars:

Annotations:
Abyss:3 1 transporter


Message History

g - a pink potion A tentacled starspawn comes into view.
It was a potion of heal wounds.
You feel much better.
As you read the scroll labelled ADIOGH SISIURI, it crumbles to dust.
You hear a loud clanging noise!
It was a scroll of noise.
You hear a trumpeting!
You hear a shout!
A tentacle flies out from the starspawn's body!
A starspawn tentacle comes into view.
A tentacle flies out from the starspawn's body!
A starspawn tentacle comes into view.
Found a scroll labelled JUDIAL ZIGYVIS.
Found a murky amethyst potion.
d - a scroll labelled JUDIAL ZIGYVIS
There are no items here.
Tentacles burst from the starspawn's body! 2 starspawn tentacles come into view.
Found a gateway leading deeper into the Abyss.
A tentacle flies out from the starspawn's body!
A starspawn tentacle comes into view.
You see here a murky amethyst potion.
Tentacles burst from the starspawn's body! 2 starspawn tentacles come into view.
There is a gateway leading deeper into the Abyss here.
You plunge deeper into the Abyss.
The abyssal rune of Zot can be found at this depth.
Found a club.
Found a transporter.
f - a scroll labelled KAYFEACUDA
Found 17 stones.
A reaper comes into view. It is wielding a +6 vorpal scythe.
As you read the scroll labelled JUDIAL ZIGYVIS, it crumbles to dust.
A profound silence engulfs you.
It was a scroll of silence.
Magic scrolls do not work when you're silenced!
It was a potion of curing.
You feel better.
A centaur warrior skeleton comes into view.
Magic scrolls do not work when you're silenced!
The reaper hits you from afar with a +6 vorpal scythe!!
Ouch! That really hurt!
You die...

.# ### #. ## .##
.#..... ###..###
#..#..## #..#...#
##.##... .#...#
...#.## #.#.#
###...... ##...#
#......#.. ##@.###
###.......
##..#.######.##...#
#..§2.Z...§..# .. .
##.##.#...§..##. #.
#....##.##.#...# .
.....##...
.###....#
...#§##.#...#.
...#.
≈≈≈#...#######...
#..#. ≈≈≈.. ..#...#
##


You could see a reaper.

Vanquished Creatures (others)
  7 starspawn tentacles (Abyss:2)
7 creatures vanquished.

Notes
Turn   | Place    | Note
-------+----------+-------------------------------------------
     0 | Abyss:1  | meatgazer the Demonspawn Abyssal Knight began the quest for
                  | the Orb.
     0 | Abyss:1  | Reached XP level 1. HP: 18/18 MP: 2/2
    86 | Abyss:2  | Noticed a small abomination
    87 | Abyss:2  | Noticed a small abomination
   182 | Abyss:2  | Noticed a tentacled starspawn
   249 | Abyss:3  | Found a transporter.
   270 | Abyss:3  | Noticed a reaper
   277 | Abyss:3  | Noticed a centaur warrior skeleton
   287 | Abyss:3  | Demolished by a reaper

Illustrated notes

Levels and vault maps discovered:
Abyss:3:  base: Temple, hangedman_elemental_corridor,
          gammafunk_abyss_rune_reverse_zot, gammafunk_abyss_rune_reverse_zot

Action                   || total
-------------------------++-------
  Use: Scroll            ||     3
       Potion            ||     2

Table legend: (Time is in decaauts)
 A = Elapsed time spent in this place.
 B = Non-inter-level travel time spent in this place.
 C = Inter-level travel time spent in this place.
 D = Time resting spent in this place.
 E = Time spent auto-exploring this place.
 F = Levels seen in this place.
 G = Mean time per level.
                   A        B        C        D        E       F      G
               +--------+--------+--------+--------+--------+-----+--------+
         Total |    286 |    286 |      0 |      0 |    180 |   3 |   95.3 |
         Abyss |    286 |    286 |      0 |      0 |    180 |   3 |   95.3 |
               +--------+--------+--------+--------+--------+-----+--------+

Top non-repeatable levels by time:
 Abyss:2: 186 daAuts
 Abyss:3: 69 daAuts
 Abyss:1: 30 daAuts
